 Dungeon Crawl Stone Soup version 0.29-a0-284-gf9362112df (webtiles) character file.

Game seed: 9317019320951647566

299 zazu2006 the Grave Robber (level 6, -10/50 HPs)
             Began as a Deep Dwarf Necromancer on Mar 22, 2022.
             Mangled by an orc warrior
             ... wielding a +0 glaive
              (19 damage)
             ... on level 4 of the Dungeon.
             The game lasted 00:09:41 (4122 turns).

zazu2006 the Grave Robber (Deep Dwarf Necromancer)  Turns: 4122, Time: 00:09:42

Health: -10/50     AC:  6    Str: 15    XL:     6   Next: 13%
Magic:  10/10      EV: 11    Int: 17    God:
Gold:   275        SH:  0    Dex: 19    Spells: 7/11 levels left

rFire   . . .      SeeInvis .   e - +3 dagger (speed)
rCold   . . .      Faith    .   (no shield)
rNeg    . . .      Spirit   .   r - +1 ring mail of Durable Mirth {Str+3}
rPois   .          Reflect  .   (no helmet)
rElec   .          Harm     .   (no cloak)
rCorr   .          Rampage  .   (no gloves)
Will    .....                   (no boots)
Stlth   ++........              (no amulet)
HPRegen 0.00/turn               h - +6 ring of dexterity
MPRegen 0.12/turn               (no ring)

@: no status effects
A: damage resistance, heal wounds, sense surroundings 1, no regeneration
a: Heal Wounds


You were on level 4 of the Dungeon.
You visited 1 branch of the dungeon, and saw 4 of its levels.

You collected 275 gold pieces.

Inventory:

Hand Weapons
 e - a +3 dagger of speed (weapon)
Missiles
 w - a throwing net
Armour
 a - a +0 robe
 r - the +1 ring mail of Durable Mirth (worn) {Str+3}
   (You found it on level 2 of the Dungeon)

   Str:       It affects your strength (+3).
Jewellery
 h - a +6 ring of dexterity (left hand)
 l - a ring of see invisible
Wands
 b - a wand of flame (9)
Scrolls
 d - a scroll of blinking {unknown}
 i - a scroll of enchant weapon {unknown}
 k - a scroll of enchant armour {unknown}
 o - a scroll of identify {unknown}
 p - a scroll of fear
 q - a scroll of teleportation {unknown}
 s - a scroll of summoning {unknown}
 t - a scroll of vulnerability {unknown}
 v - a scroll of amnesia {unknown}
Potions
 c - 2 potions of flight {unknown}
 f - a potion of heal wounds {unknown}
 g - 2 potions of haste {unknown}
 j - 2 potions of lignification {unknown}
 m - 3 potions of might {unknown}
 n - a potion of curing {unknown}
 u - a potion of invisibility {unknown}


   Skills:
 + Level 0.9 Fighting
 + Level 1.6 Armour
 + Level 2.5 Dodging
 + Level 3.1 Stealth
 + Level 3.1 Spellcasting
 + Level 6.5 Necromancy


You had 7 spell levels left.
You knew the following spells:

 Your Spells              Type           Power      Damage    Failure   Level
a - Pain                  Necr           96%        1d8       2%          1
b - Vampiric Draining     Necr           24%        2d7       7%          3

Your spell library contained the following spells:

 Spells                   Type           Power      Damage    Failure   Level
 Animate Skeleton         Necr           48%        N/A       2%          1
 Animate Dead             Necr           12%        N/A       22%         4
 Agony                    Necr           24%        N/A       54%         5
 Freezing Cloud           Conj/Ice/Air   1%         6-21      100%        5
 Simulacrum               Ice/Necr       6%         N/A       100%        6
 Polar Vortex             Ice            1%         N/A       100%        9


Dungeon Overview and Level Annotations

Branches:
Dungeon (4/15)
 Temple: D:4-7

Altars:
Nemelex Xobeh
Okawaru

Shops:
D:1 (


Innate Abilities, Weirdness & Mutations

You are resistant to damage.
You can heal yourself by infusing magical energy.
You passively map a small area around you.
You do not regenerate.


Message History

The scorpion is lightly wounded.
The scorpion stings you.
You are poisoned.
The scorpion poisons you!
You hit the scorpion.
The scorpion is moderately wounded.
The scorpion stings you.
You are more poisoned.
The scorpion poisons you!
You hit the scorpion.
The scorpion is moderately wounded.
You hit the scorpion.
The scorpion is heavily wounded.
The scorpion closely misses you.
You hit the scorpion but do no damage.
The scorpion is heavily wounded.
The scorpion closely misses you.
Casting: Vampiric Draining (dangerous; 8% risk of failure)
Confirm with . or Enter, or press ? or * to list all spells.
Aiming: Vampiric Draining (dangerous; 8% risk of failure)
Press: ? - help, Shift-Dir - straight line, f - scorpion
Aim: a scorpion (heavily wounded)
You draw life force from the scorpion!
You kill the scorpion!
You feel life coursing into your body.
You have reached level 6!
You start resting.
You are no longer poisoned.
You start resting.
Magic restored.
There is a stone staircase leading down here.
You climb downwards.
The orc priest hits you but does no damage.
The orc warrior hits you from afar with a +0 glaive!
* * * LOW HITPOINT WARNING * * *
The orc priest hits you with a +0 hand axe.
There is a stone staircase leading up, spattered with blood here.
The orc priest barely misses you.
The orc warrior hits you from afar with a +0 glaive!!
You die...

######## #......# #......#
#########......#
##..[...##......#######
##....>...#......†......
#................#######
#..............)...#####
#......@.........#..)))# *
* #.....o..........#####)#
* ,........o....######* #).
..<...........# ........
...o............ ###.....
,.................,......##
.o.............. ....##
............... .... , ,
###


You could see an orc warrior, an orc priest and 2 orcs.

Vanquished Creatures
  A scorpion (D:3)
  2 orc priests
  An orc wizard (D:4)
  3 gnolls (D:4)
  4 adders
  A worm (D:3)
  6 orcs
  6 ball pythons
  5 endoplasms
  3 giant cockroaches
  12 goblins
  11 hobgoblins
  3 jackals (D:3)
  8 quokkas
  4 bats
  3 frilled lizards (D:1)
  6 kobolds
  5 rats
84 creatures vanquished.

Vanquished Creatures (others)
  18 plants
18 creatures vanquished.

Grand Total: 102 creatures vanquished

Notes
Turn   | Place    | Note
-------+----------+-------------------------------------------
     0 | D:1      | zazu2006 the Deep Dwarf Necromancer began the quest for the
                  | Orb.
     0 | D:1      | Reached XP level 1. HP: 15/15 MP: 3/3
   194 | D:1      | Found Xuypsodgh's Weapon Shoppe.
   560 | D:1      | Reached XP level 2. HP: 16/22 MP: 1/4
   634 | D:1      | Found a faded altar of an unknown god.
   783 | D:1      | Reached skill level 5 in Necromancy
  1545 | D:2      | Reached XP level 3. HP: 9/28 MP: 3/6
  1549 | D:2      | Learned a level 3 spell: Vampiric Draining
  1712 | D:2      | Found an iron altar of Okawaru.
  2034 | D:2      | Identified the +1 ring mail of Durable Mirth {Str+3}
  2417 | D:3      | Found a sparkling altar of Nemelex Xobeh.
  2689 | D:3      | Reached XP level 4. HP: 20/36 MP: 0/7
  3241 | D:3      | Reached skill level 6 in Necromancy
  3371 | D:3      | Reached XP level 5. HP: 42/42 MP: 6/9
  3856 | D:4      | Reached skill level 1 in Armour
  4004 | D:4      | Noticed an orc warrior
  4034 | D:3      | Reached XP level 6. HP: 24/50 MP: 0/10
  4122 | D:4      | Mangled by an orc warrior

Illustrated notes

Levels and vault maps discovered:
D:1:      dpeg_arrival_water_temple_mockup, layout_basic,
          shapermc_ecumenical_altar_starsandcircs, serial_shops,
          nicolae_shop_bloodbath_and_beyond, serial_forest,
          infiniplex_forest_lined_room_, infiniplex_forest_lined_room_2,
          infiniplex_forest_lined_2, infiniplex_forest_clump_large,
          infiniplex_forest_straight_5, infiniplex_forest_3_way,
          infiniplex_forest_lined_room_3, infiniplex_forest_clump_medium,
          infiniplex_forest_lined_room_3
D:2:      layout_loops_ring, basic_altar, amcnicky_mini_rare_corridor_liquid
D:3:      cheibrodos_greedy_goblins, layout_loops_ring, old_standard_altar,
          chequers_big_river
D:4:      layout_rooms

Skill      XL: |  1  2  3  4  5 |
---------------+----------------+-----
Necromancy     | 5 6 |  6.5
Spellcasting   | 2 3 |  3.1
Armour         | 1 |  1.6
Stealth        | 3 |  3.1
Fighting       | |  0.9
Dodging        | |  2.5

Action                   |  1- 3 |  4- 6 || total
-------------------------+-------+-------++-------
Melee: Dagger            |    61 |    89 ||   150
       Punch             |       |     2 ||     2
 Cast: Pain              |    44 |    25 ||    69
       Vampiric Draining |     7 |    12 ||    19
  Use: Potion            |       |     1 ||     1
       Scroll            |       |     1 ||     1
 Stab: Sleeping          |     7 |       ||     7
Armor: Robe              |     5 |       ||     5
       Ring mail         |     9 |    33 ||    42
Dodge: Dodged            |    39 |    37 ||    76

Table legend: (Time is in decaauts)
 A = Elapsed time spent in this place.
 B = Non-inter-level travel time spent in this place.
 C = Inter-level travel time spent in this place.
 D = Time resting spent in this place.
 E = Time spent auto-exploring this place.
 F = Levels seen in this place.
 G = Mean time per level.
                   A        B        C        D        E       F      G
               +--------+--------+--------+--------+--------+-----+--------+
         Total |   4087 |   3994 |     93 |    127 |   3197 |   4 | 1021.8 |
       Dungeon |   4087 |   3994 |     93 |    127 |   3197 |   4 | 1021.8 |
               +--------+--------+--------+--------+--------+-----+--------+

Top non-repeatable levels by time:
     D:3: 1577 daAuts
     D:1: 1381 daAuts
     D:2: 926 daAuts
     D:4: 202 daAuts
